 Dungeon Sprint DCSS version 0.20-a0-1017-gc3250ce (webtiles) character file.

5340 lordofpotatos the Fighter (level 10, -20/87 HPs)
             Began as a Demonspawn Gladiator on Apr 17, 2017.
             Was an Elder of Hepliaklqana.
             Demolished by a dire flail of protection (32 damage)
             ... in the Dungeon (Sprint V: "Ziggurat Sprint") on Apr 22, 2017.
             The game lasted 00:18:52 (1988 turns).

lordofpotatos the Fighter (Demonspawn Gladiator)    Turns: 1988, Time: 00:18:53

Health: -20/87     AC: 10    Str: 18    XL:     10   Next: 38%
Magic:  0/8        EV: 25    Int:  9    God:    Hepliaklqana [****..]
Gold:   0          SH:  0    Dex: 28    Spells: 9/9 levels left

rFire    . . .     SeeInvis .   s - +9 sword of Zonguldrok {reap}
rCold    + + +     Gourm    .   (no shield)
rNeg     + . .     Faith    .   k - +4 skin of Zhor {rC+++}
rPois    +         Spirit   +   (helmet restricted)
rElec    .         Reflect  .   q - +0 cloak
rCorr    .         Harm     .   (no gloves)
MR       ++...     NoTele   +   (no boots)
Stlth    ++........             t - amulet of magic regeneration
Regen    0.3/turn               y - +6 ring of dexterity
MPRegen  0.2/turn               a - ring of Nabonit {rPois rN+ MR++ Str-2 Dex+6}

@: mighty
A: reduced essence, horns 1, rugged brown scales 3, [clumsy 1], cold resistance
1, low mp 1[+1], magic shield
a: Recall Ancestor, Ancestor Identity, Transference, Idealise, Renounce Religion


You were in the Dungeon.
You worshipped Hepliaklqana.
Hepliaklqana was greatly pleased with you.
You were full.

You visited 1 branch

Inventory:

Hand Weapons
 s - the +9 sword of Zonguldrok (weapon) {reap}
   (You found it in the Dungeon)

   If a monster killed with it leaves a corpse in good enough shape, the corpse
   will be animated as a zombie friendly to the killer.
Missiles
 b - a throwing net (quivered)
Armour
 k - the +4 skin of Zhor (worn) {rC+++}
   (You found it in the Dungeon)

   It renders you almost immune to cold.
 q - a +0 cloak (worn)
Jewellery
 a - the ring of Nabonit (right hand) {rPois rN+ MR++ Str-2 Dex+6}
   (You found it in the Dungeon)

   [ring of dexterity]

   It affects your strength (-2).
   It affects your dexterity (+6).
   It protects you from poison.
   It protects you from negative energy.
   It affects your resistance to hostile enchantments.
 t - an amulet of magic regeneration (around neck)
 y - a +6 ring of dexterity (left hand)
Scrolls
 u - 4 scrolls of remove curse
Potions
 d - 2 potions of brilliance
 e - 10 potions of curing
 g - 8 potions of heal wounds
 h - 5 potions of haste
 i - 7 potions of magic
 l - a potion of invisibility
 m - 4 potions of resistance
 n - a potion of flight
 o - 4 potions of agility
 p - 2 potions of might
Books
 c - a book of the Dragon

   Spells                             Type                      Level
   a - Flame Tongue                   Conjuration/Fire             1
   b - Cause Fear                     Hexes                        4
   c - Bolt of Fire                   Conjuration/Fire             6
   d - Dragon Form                    Transmutation                7
   e - Dragon's Call                  Summoning                    9
Comestibles
 f - 3 bread rations
 w - 42 fruits
 x - 4 meat rations


   Skills:
 + Level 12.5 Fighting
 + Level 11.8 Long Blades
 + Level 11.6 Throwing
 + Level 11.8 Dodging


You had 9 spell levels left.
You didn't know any spells.

Dungeon Overview and Level Annotations

Branches:
Dungeon (1/1)

Altars:
Ashenzari
Cheibriados
Dithmenos
Elyvilon
Fedhas
Gozag
Hepliaklqana
Kikubaaqudgha
Makhleb
Nemelex Xobeh
Okawaru
Qazlal
Ru
Sif Muna
Trog
Uskayaw
Vehumet
Wu Jian
Xom
Yredelemnul
Zin
The Shining One
Beogh
Jiyva
Lugonu


Innate Abilities, Weirdness & Mutations

You have a pair of small horns on your head.
You are completely covered in rugged brown scales. (AC +3, +7% HP)
Your flesh is cold resistant. (rC+)
When hurt, damage is shared between your health and your magic reserves.
Your life essence is reduced. (-10% HP)
[You are clumsy. (Dex -2)]
[Your magical capacity is very low. (-20% MP)]


Message History

The deep elf knight flickers and vanishes!
An arrow appears from out of thin air!
The arrow hits DASBEARSON but does no damage.
You barely miss the scimitar of holy wrath.
You headbutt the scimitar of holy wrath.
The scimitar of holy wrath is lightly damaged.
The scimitar of holy wrath hits you!
You convulse!
The dire flail of protection completely misses you.
DASBEARSON misses the deep elf mage.
The scimitar of holy wrath hits you!
You convulse.
You feel very mighty all of a sudden.
The dire flail of protection completely misses you.
You riposte.
You closely miss the dire flail of protection.
The deep elf knight gestures wildly while chanting.
The deep elf knight flickers and vanishes!
The scimitar of holy wrath hits you!
You convulse!!
* * * LOW HITPOINT WARNING * * *
The dire flail of protection hits you!!
You die...

▓▓▓▓▓▓▓▓▓▓▓▓▓▓▓▓▓▓▓
▓...8©8...▓
▓..}=)[[..▓
▓...|)e|..▓
▓....{R...▓
▓...ee....▓
▓....e....▓
▓...((....▓
▓.▓..@..▓.▓
▓.........▓
▓▓▓▓▓▓▓▓▓▓▓


You could see the friendly DASBEARSON the knight, a deep elf knight, 3 deep elf
magi and 2 dancing weapons.

Vanquished Creatures
  A two-headed ogre (D)
  A wretched star (D)
  A cyclops (D)
  A smoke demon (D)
  A troll (D)
  3 merfolk (D)
  2 hippogriffs (D)
  2 slime creatures (D)
  2 air elementals (D)
  A shadow (D)
  A neqoxec (D)
  A chaos spawn (D)
  An insubstantial wisp (D)
  Duvessa (D)
  A large abomination (D)
  An ogre (D)
  Blork the orc (D)
  Dowan (D)
  3 crimson imps (D)
  A jelly (D)
  A quasit (D)
  An orc wizard (D)
  Crazy Yiuf (D)
  3 iron imps (D)
  Jessica (D)
  3 shadow imps (D)
  A white imp (D)
  An ufetubus (D)
  An ooze (D)
  An orc (D)
  A bat skeleton (D)
42 creatures vanquished.

Vanquished Creatures (collateral kills)
  A merfolk (D)
  A troll (D)
  Sigmund (D)
3 creatures vanquished.

Vanquished Creatures (others)
  A spatial maelstrom (D)
  2 knights (D)
3 creatures vanquished.

Grand Total: 48 creatures vanquished

Notes
Turn   | Place    | Note
-------+----------+-------------------------------------------
     0 | D        | lordofpotatos the Demonspawn Gladiator began the quest for the Orb.
     0 | D        | Reached XP level 1. HP: 16/16 MP: 1/1
     0 | D        | Found a blossoming altar of Fedhas.
     1 | D        | Found a viscous altar of Jiyva.
     1 | D        | Found an ancient bone altar of Kikubaaqudgha.
     1 | D        | Found a hazy altar of Hepliaklqana.
     1 | D        | Found a corrupted altar of Lugonu.
     1 | D        | Found an opulent altar of Gozag.
     1 | D        | Found a burning altar of Makhleb.
     4 | D        | Found a deep blue altar of Sif Muna.
     4 | D        | Found a sacrificial altar of Ru.
     4 | D        | Found a bloodstained altar of Trog.
     4 | D        | Found a stormy altar of Qazlal.
     4 | D        | Found an iron altar of Okawaru.
     4 | D        | Found a sparkling altar of Nemelex Xobeh.
     5 | D        | Banished a spatial maelstrom
   150 | D        | Became a worshipper of Hepliaklqana the Forgotten
   156 | D        | Entered arena 1.
   156 | D        | Noticed an orc wizard
   163 | D        | Killed an orc wizard
   163 | D        | Reached skill level 3 in Fighting
   163 | D        | Gained mutation: You are partially covered in rugged brown scales. (AC +1, +3% HP) [demonic ancestry]
   163 | D        | Reached XP level 2. HP: 16/22 MP: 2/2
   163 | D        | Reached XP level 3. HP: 18/26 MP: 3/3
   341 | D        | Entered arena 2.
   341 | D        | Noticed an air elemental
   341 | D        | Noticed an insubstantial wisp
   341 | D        | Noticed an air elemental
   343 | D        | Reached skill level 6 in Fighting
   343 | D        | Reached skill level 5 in Long Blades
   343 | D        | Reached skill level 5 in Throwing
   343 | D        | Reached skill level 5 in Dodging
   343 | D        | Gained mutation: You are mostly covered in rugged brown scales. (AC +2, +5% HP) [demonic ancestry]
   343 | D        | Reached XP level 4. HP: 31/38 MP: 4/4
   352 | D        | Killed an air elemental
   352 | D        | Reached skill level 7 in Fighting
   352 | D        | Gained mutation: When hurt, damage is shared between your health and your magic reserves. [demonic ancestry]
   352 | D        | Reached XP level 5. HP: 40/45 MP: 5/5
   355 | D        | Killed an air elemental
   355 | D        | Reached XP level 6. HP: 52/53 MP: 3/6
   357 | D        | Killed an insubstantial wisp
   357 | D        | Reached skill level 8 in Fighting
   410 | D        | Reached * piety under Hepliaklqana
   410 | D        | Entered arena 3.
   410 | D        | Noticed a slime creature
   410 | D        | Noticed a slime creature
   418 | D        | Killed a slime creature
   418 | D        | Reached XP level 7. HP: 59/59 MP: 4/7
   421 | D        | Killed a slime creature
   421 | D        | Reached skill level 9 in Fighting
   480 | D        | Got the ring of Nabonit {rPois rN+ MR++ Str-2 Dex+6}
   637 | D        | Entered arena 4.
   656 | D        | Reached ** piety under Hepliaklqana
   656 | D        | Entered arena 5.
   656 | D        | Noticed a cyclops
   656 | D        | Noticed a troll
   656 | D        | Noticed a troll
   656 | D        | Noticed a two-headed ogre
   658 | D        | Remembered your ancestor DASBEARSON as a knight
   661 | D        | Gained mutation: You are completely covered in rugged brown scales. (AC +3, +7% HP) [demonic ancestry]
   661 | D        | Reached XP level 8. HP: 68/68 MP: 5/8
   662 | D        | Killed a two-headed ogre
   662 | D        | Reached skill level 10 in Fighting
   665 | D        | Killed a troll
   667 | D        | Killed a troll
   667 | D        | Gained mutation: You have a pair of small horns on your head. [demonic ancestry]
   667 | D        | Reached XP level 9. HP: 76/76 MP: 4/9
   668 | D        | Killed a cyclops
   668 | D        | Reached skill level 10 in Long Blades
   668 | D        | Reached skill level 10 in Throwing
   668 | D        | Reached skill level 10 in Dodging
   819 | D        | Entered arena 6.
   819 | D        | Noticed a merfolk
   819 | D        | Noticed a merfolk
   819 | D        | Noticed a merfolk
   819 | D        | Noticed a merfolk
   828 | D        | Killed a merfolk
   828 | D        | Reached skill level 11 in Fighting
   833 | D        | Killed a merfolk
   835 | D        | Killed a merfolk
   837 | D        | Killed a merfolk
  1069 | D        | Reached *** piety under Hepliaklqana
  1069 | D        | Entered arena 7.
  1069 | D        | Noticed Sigmund
  1069 | D        | Noticed Jessica
  1069 | D        | Noticed Blork the orc
  1069 | D        | Noticed Crazy Yiuf
  1069 | D        | Noticed Dowan
  1069 | D        | Noticed Duvessa
  1072 | D        | Killed Crazy Yiuf
  1074 | D        | Killed Jessica
  1080 | D        | Killed Duvessa
  1083 | D        | Killed Dowan
  1085 | D        | Killed Blork the orc
  1085 | D        | Killed Sigmund
  1183 | D        | Entered arena 8.
  1183 | D        | Noticed a smoke demon
  1192 | D        | Gained mutation: Your flesh is cold resistant. (rC+) [demonic ancestry]
  1192 | D        | Reached XP level 10. HP: 68/86 MP: 8/10
  1197 | D        | Killed a smoke demon
  1197 | D        | Reached skill level 12 in Fighting
  1200 | D        | Reached **** piety under Hepliaklqana
  1299 | D        | Entered arena 9.
  1299 | D        | Noticed a wretched star
  1314 | D        | Gained mutation: [Your magical capacity is very low. (-20% MP)] [a neqoxec]
  1322 | D        | Killed a wretched star
  1984 | D        | Entered arena 10.
  1984 | D        | Noticed a deep elf knight
  1984 | D        | Noticed a dire flail of protection
  1984 | D        | Noticed a deep elf knight
  1984 | D        | Noticed a deep elf knight
  1984 | D        | Noticed a deep elf knight
  1984 | D        | Noticed a scimitar of holy wrath
  1984 | D        | Noticed a deep elf mage
  1984 | D        | Noticed a deep elf mage
  1984 | D        | Noticed a deep elf mage
  1988 | D        | Demolished by a dire flail of protection

Vault maps used:
D:        sprint_v

Skill      XL: |  1  2  3  4  5  6  7  8  9 10 |
---------------+-------------------------------+-----
Fighting       | 3 6 7 8 9 10 11 12 | 12.5
Long Blades    | 3 5 6 7 8 9 11 | 11.8
Throwing       | 3 5 6 7 8 9 11 | 11.6
Dodging        | 3 5 6 7 8 9 11 | 11.8

Action                   |  1- 3 |  4- 6 |  7- 9 | 10-12 || total
-------------------------+-------+-------+-------+-------++-------
Melee: Double sword      |     6 |    13 |    44 |    29 ||    92
       Headbutt          |       |       |    10 |     7 ||    17
Invok: Ancestor Identity |     1 |       |       |       ||     1
       Recall Ancestor   |       |     1 |     4 |     2 ||     7
       Ancestor Life: Kn |       |       |     1 |       ||     1
  Use: Potion            |     3 |     6 |     5 |     3 ||    17
       Scroll            |       |       |       |     1 ||     1
 Stab: Invisible         |       |       |       |     7 ||     7
  Eat: Bread ration      |       |       |     2 |       ||     2
Armor: Leather armour    |     3 |     8 |     4 |       ||    15
       Animal skin       |       |       |     2 |     2 ||     4
Dodge: Dodged            |     3 |    37 |    88 |    42 ||   170
       Rpst.: Double sword |     1 |    13 |    15 |    12 ||    41
